Map: Ultralove

Players

ManlyManMeat - Winner!

  • Race: Zerg Zerg
  • League: Diamond
  • Spawn Location: 7:00

VOD

Have the link to the VOD?

Description

Time

  • Played on: June 22, 2025, 1:48 p.m.
  • Length: 11:57
Show
View Real Time Build Order
Export as new Build Order

ManlyManMeat Zerg - Winner!

Build Orders:  

Get SALT Encoding   

  12  0:00  Drone  
  13  0:11  Drone  
  14  0:22  Drone, Extractor  
  15  0:31  Overlord  
  15  1:02  Drone  
  15  1:06  Hatchery  
  15  1:10  Drone  
  15  1:15  Drone  
  17  1:26  Drone  
  18  1:41  Extractor  
  18  1:45  Spawning Pool  
  18  1:49  Drone  
  17  1:55  Drone  
  18  2:15  Drone  
  19  2:28  Drone  
  20  2:50  Queen  
  20  2:51  Queen  
  20  2:52  Zergling x4  
  20  2:55  Drone  
  27  3:07  Overlord  
  27  3:21  Drone  
  28  3:38  Hatchery  
  27  3:50  Drone  
  27  3:51  Drone x2  
  27  3:52  Drone  
  27  3:56  Drone  
  32  4:08  Metabolic Boost  
  32  4:10  Overlord  
  32  4:12  Overlord  
  32  4:31  Drone  
  32  4:32  Drone x2  
  35  4:41  Drone x3  
  35  4:42  Drone  
  35  4:47  Extractor  
  38  5:01  Drone  
  38  5:02  Drone  
  40  5:12  Baneling Nest  
  40  5:19  Drone x3  
  42  5:23  Drone x2  
  42  5:28  Zergling x8  
  48  5:36  Queen  
  48  5:38  Queen  
  48  5:39  Overlord  
  52  5:42  Overlord  
  36  5:50  Drone x2  
  54  6:16  Drone  
  54  6:17  Drone  
  54  6:18  Evolution Chamber  
  55  6:22  Drone x3  
  55  6:23  Drone  
  55  6:25  Hatchery  
  58  6:33  Lair  
  58  6:38  Queen  
  60  6:40  Drone x4  
  60  6:49  Drone  
  65  6:52  Evolution Chamber, Baneling x5  
  65  6:58  Drone x2, Extractor  
  43  7:00  Drone  
  65  7:01  Drone  
  65  7:03  Drone  
  65  7:05  Drone  
  69  7:15  Zerg Melee Weapons Level 1  
  69  7:22  Drone x5  
  74  7:33  Zerg Ground Armor Level 1  
  74  7:35  Overlord x2  
  74  7:36  Overlord  
  74  8:13  Queen  
  74  8:14  Drone x2  
  74  8:15  Drone x3, Hatchery  
  74  8:16  Zergling x10, Centrifugal Hooks  
  74  8:17  Zergling x2, Hatchery  
  85  8:39  Zergling x20  
  94  8:55  Zergling x10  
  94  8:56  Zergling x8  
  103  9:11  Overlord x2  
  103  9:12  Overlord x2  
  103  9:36  Queen x2  
  107  9:44  Overlord x4  
  107  9:47  Zergling x2  
  107  9:48  Zergling x18  
  117  9:58  Baneling  
  117  10:05  Baneling x6  
  117  10:07  Baneling  
  117  10:08  Baneling x8  
  117  10:09  Zergling x10  
  62  10:10  Zergling x20  
  132  10:48  Zergling x22  
  143  10:58  Zergling x6  
  146  11:08  Zergling x20  
  146  11:09  Zergling x22  
  166  11:33  Zergling x22  
  166  11:34  Unknown  
Tags
 
League
Diamond
Matchup
Co-op
Replay Pack
Myownreplay2
Add a new tag
Caveats
  • Supply blocks, unpowered buildings, or Contaminate may cause inaccurate times.
  • Supply counts are checked every 10 seconds.